 Dungeon Crawl Stone Soup version 0.28.0-53-g5a82cb258f (webtiles) character file.

Game seed: 7771566836166819852

98 KrombopulosMichael the Magician (level 5, -3/46 HPs)
             Began as a Formicid Conjurer on June 26, 2022.
             Killed from afar by Ijyb (14 damage)
             ... with an iceblast
             ... on level 3 of the Dungeon.
             The game lasted 00:06:36 (1923 turns).

KrombopulosMichael the Magician (Formicid Conjurer) Turns: 1923, Time: 00:06:37

Health: -3/46      AC:  3    Str: 12    XL:     5   Next: 0%
Magic:  0/13       EV: 11    Int: 19    God:
Gold:   54         SH:  4    Dex:  9    Spells: 14/15 levels left

rFire   . . .      SeeInvis +   e - +0 club
rCold   . . .      Faith    .   g - +0 buckler
rNeg    . . .      Spirit   .   d - +0 leather armour
rPois   .          Reflect  .   (helmet unavailable)
rElec   .          Harm     .   (no cloak)
rCorr   .          Rampage  .   (no gloves)
Will    .....                   (no boots)
Stlth   ++........              (no amulet)
HPRegen 0.15/turn               (no ring)
MPRegen 0.13/turn               (no ring)

@: no status effects
A: permanent stasis, dig shafts and tunnels, antennae 3, four strong arms
a: Dig, Shaft Self


You were on level 3 of the Dungeon.
You visited 1 branch of the dungeon, and saw 3 of its levels.

You collected 54 gold pieces.

Inventory:

Hand Weapons
 e - a +0 club (weapon)
Armour
 d - a +0 leather armour (worn)
 g - a +0 buckler (worn)
Scrolls
 a - a scroll of blinking
Potions
 c - a potion of curing


   Skills:
 * Level 5.7 Fighting
 * Level 5.7 Armour
 + Level 3.7 Dodging
 + Level 2.5 Stealth
 + Level 4.1 Shields
 * Level 5.8 Spellcasting
 + Level 4.2 Conjurations


You had 14 spell levels left.
You knew the following spells:

 Your Spells              Type           Power      Damage    Failure   Level
a - Magic Dart            Conj           84%        1d7       3%          1

Your spell library contained the following spells:

 Spells                   Type           Power      Damage    Failure   Level
 Searing Ray              Conj           42%        2d6       4%          2
 Sting                    Tmut/Pois      20%        1d4       19%         1
 Conjure Flame            Conj/Fire      13%        6-21      22%         3
 Dazzling Flash           Conj/Hex       26%        N/A       22%         3
 Poisonous Vapours        Pois/Air       10%        N/A       26%         2
 Ignite Poison            Fire/Tmut/Pois 5%         N/A       47%         3
 Lesser Beckoning         Tloc           5%         N/A       47%         3
 Fulminant Prism          Conj/Hex       6%         3d7       58%         4
 Iskenderun's Mystic Bla  Conj/Tloc      13%        2d5       58%         4
 Sticky Flame             Conj/Fire      13%        2d4       58%         4
 Olgreb's Toxic Radiance  Pois           5%         N/A       87%         4
 Manifold Assault         Tloc           5%         N/A       99%         5
 Blink                    Tloc           Unusable   N/A       N/A         2

Dungeon Overview and Level Annotations

Branches:
Dungeon (3/15)

Altars:

Annotations:
D:3 Ijyb


Innate Abilities, Weirdness & Mutations

You cannot be hasted, slowed, berserked, paralysed or teleported.
You can dig through walls and to a lower floor.
You have a pair of large antennae on your head. (SInv)
Your four strong arms can wield two-handed weapons with a shield.


Message History

Ijyb is heavily wounded.
Ijyb barely misses you.
Casting: Magic Dart (safe; 3% risk of failure)
Confirm with . or Enter, or press ? or * to list all spells.
Aiming: Magic Dart (safe; 3% risk of failure)
Press: ? - help, Shift-Dir - straight line, f/p - Ijyb
Aim: Ijyb, wielding a +0 dagger, wearing a +0 chain mail and carrying a wand of iceblast (13) (heavily wounded, 100% to hit)
You feel a surge of power!
The magic dart hits Ijyb.
Ijyb is heavily wounded.
Ijyb barely misses you.
Unknown command.
Unknown command.
You hit Ijyb but do no damage.
Ijyb is heavily wounded.
You block Ijyb's attack.
You barely miss Ijyb.
Ijyb is heavily wounded.
You block Ijyb's attack. Ijyb barely misses you.
You hit Ijyb but do no damage.
Ijyb is heavily wounded.
Ijyb barely misses you.
You hit Ijyb but do no damage.
Ijyb is heavily wounded.
Ijyb barely misses you.
You hit Ijyb but do no damage.
Ijyb is heavily wounded.
You block Ijyb's attack. Ijyb hits you with a +0 dagger.
* * * LOW HITPOINT WARNING * * *
Casting: Magic Dart (safe; 3% risk of failure)
Confirm with . or Enter, or press ? or * to list all spells.
Aiming: Magic Dart (safe; 3% risk of failure)
Press: ? - help, Shift-Dir - straight line, f/p - Ijyb
Aim: Ijyb, wielding a +0 dagger, wearing a +0 chain mail and carrying a wand of iceblast (13) (heavily wounded, 100% to hit)
You feel a surge of power!
The magic dart hits Ijyb.
Ijyb is heavily wounded.
You feel a little less clever now. You block Ijyb's attack.
Unknown command.
Ijyb zaps a wand.
The mass of ice explodes!
The iceblast engulfs you!
You die...

#.........
#..........
#...........
#............
#...........#
#.........$.#
#...........#
#.@.........#
#............
#..g.........
#...[........
#.......#....
#.......# ...
#.........
............
#..............


You could see Ijyb.

Vanquished Creatures
  A worm (D:2)
  An orc (D:3)
  2 bats (D:1)
  7 endoplasms
  A giant cockroach (D:1)
  7 goblins
  3 hobgoblins
  4 jackals (D:2)
  3 kobolds
  A quokka (D:2)
  3 frilled lizards
  6 rats
39 creatures vanquished.

Notes
Turn   | Place    | Note
-------+----------+-------------------------------------------
     0 | D:1      | KrombopulosMichael the Formicid Conjurer began the quest
                  | for the Orb.
     0 | D:1      | Reached XP level 1. HP: 13/13 MP: 3/3
   395 | D:1      | Reached XP level 2. HP: 19/19 MP: 1/5
   555 | D:1      | Found a faded altar of an unknown god.
  1137 | D:2      | Reached XP level 3. HP: 25/25 MP: 4/6
  1687 | D:2      | Reached skill level 1 in Armour
  1869 | D:3      | Noticed Ijyb
  1885 | D:3      | Reached skill level 5 in Fighting
  1885 | D:3      | Reached skill level 5 in Armour
  1885 | D:3      | Reached skill level 5 in Spellcasting
  1885 | D:3      | Reached XP level 4. HP: 23/40 MP: 1/11
  1895 | D:3      | Reached XP level 5. HP: 31/46 MP: 0/13
  1923 | D:3      | Killed from afar by Ijyb

Illustrated notes

Levels and vault maps discovered:
D:1:      dpeg_arrival_castle, layout_loops_cross,
          hellmonk_ecumenical_altar_pennies_from_heaven, serial_bayou_crossing
D:2:      layout_rooms, minmay_misc_feat_square
D:3:      layout_basic, hex_tiny, nrook_mini_backslash, uniq_crazy_yiuf_cottage,
          uniq_ijyb

Skill      XL: |  1  2  3 |
---------------+----------+-----
Conjurations   | 4 |  4.2
Dodging        | 3 |  3.7
Armour         | 5 |  5.7
Fighting       | 5 |  5.7
Shields        | 4 |  4.1
Spellcasting   | 5 |  5.8
Stealth        | |  2.5

Action                   |  1- 3 |  4- 6 || total
-------------------------+-------+-------++-------
Melee: Club              |     3 |    27 ||    30
 Cast: Magic Dart        |    74 |     7 ||    81
 Abil: Dig               |     1 |       ||     1
  Use: Potion            |     5 |     1 ||     6
       Scroll            |     2 |       ||     2
Armor: Robe              |     1 |       ||     1
       Leather armour    |     2 |     1 ||     3
       Skin              |       |    29 ||    29
Dodge: Dodged            |    24 |     9 ||    33
Block: Buckler           |     3 |    15 ||    18
